 Dungeon Crawl Stone Soup version 0.24-a0-462-ge24419a6ad (console) character file.

Game seed: 10647264502752328917

1 Lexodia the Magician (level 1, 0/13 HPs)
             Began as a Demonspawn Wanderer on July 1, 2019.
             Slain by a bat (1 damage)
             ... on level 1 of the Dungeon.
             The game lasted 00:00:55 (68 turns).

Lexodia the Magician (Demonspawn Wanderer)            Turns: 68, Time: 00:00:55

Health: 0/13       AC:  2    Str: 12    XL:     1   Next: 16%
Magic:  5/5        EV: 11    Int: 12    God:
Gold:   0          SH:  0    Dex: 13    Spells: 7/8 levels left

rFire    . . .     SeeInvis .   a - +0 dagger
rCold    . . .     Gourm    .   (no shield)
rNeg     . . .     Faith    .   d - +0 robe
rPois    .         Spirit   .   (no helmet)
rElec    .         Reflect  .   (no cloak)
rCorr    .         Harm     .   (no gloves)
MR       .....                  (no boots)
Stlth    +.........             (no amulet)
HPRegen  0.04/turn              (no ring)
MPRegen  0.09/turn              (no ring)

@: no status effects
A: no striking features
a: no special abilities


You were on level 1 of the Dungeon.
You were not hungry.

You visited 1 branch of the dungeon, and saw 1 of its levels.

Inventory:

Hand Weapons
 a - a +0 dagger (weapon)
Armour
 d - a +0 robe (worn)
Comestibles
 f - a ration


   Skills:
 + Level 1.1 Throwing
 - Level 4.0 Spellcasting
   Level 1.0 Conjurations
   Level 2.0 Summonings
 - Level 1.0 Earth Magic
   Level 1.0 Evocations


You had 7 spell levels left.
You knew the following spells:

 Your Spells              Type           Power        Failure   Level  Hunger
a - Sandblast             Erth           #.....       14%         1    #......

Your spell library contained the following spells:

 Spells                   Type           Power        Failure   Level  Hunger
 Summon Small Mammal      Summ           #...         10%         1    #......
 Call Imp                 Summ           #.......     14%         2    ##.....
 Call Canine Familiar     Summ           #.......     28%         3    ###....
 Stone Arrow              Conj/Erth      #.....       41%         3    ###....
 Summon Guardian Golem    Hex/Summ       #.......     41%         3    ###....
 Summon Ice Beast         Ice/Summ       #.......     82%         4    #####..
 Summon Lightning Spire   Summ/Air       #.......     82%         4    #####..


Dungeon Overview and Level Annotations

Branches:
Dungeon (1/15)

Altars:


Message History

Huge Dmg: -8%(-1hp) hp: 16%(2hp)
You barely miss the bat. The bat hits you but does no damage.
The bat closely misses you.
You hit the bat but do no damage. The bat hits you but does no damage. x3
You hit the bat.
The bat is moderately wounded.
The bat hits you but does no damage. The bat barely misses you.
You closely miss the bat.
The bat is moderately wounded.
The bat hits you.
* * * LOW HITPOINT WARNING * * *
The bat barely misses you.
You hit the bat.
You kill the bat!
The bat hits you but does no damage.
You miss the bat. The bat hits you but does no damage. x2
Huge Dmg: -8%(-1hp) hp: 8%(1hp)
You aren't carrying any potions.
The bat hits you.
You die...

........+
#........####################
#........#..................
#........#.#####..####+...#
#........#b# ##..# #...#
#........#.# #'..#####...#+##
#.....†#.#####......(.......
#....#K.bb@...........#+
#....#.#####.'####....#
#....'.# #'.## #.<..#
####.#.#####.#####....###
...#....................
#########################


You could see 2 bats and a kobold.

Vanquished Creatures
  A bat (D:1)
  A rat (D:1)
2 creatures vanquished.

Notes
Turn   | Place    | Note
-------+----------+-------------------------------------------
     0 | D:1      | Lexodia the Demonspawn Wanderer began the quest for the
                  | Orb.
     0 | D:1      | Lexodia set off with the following items: a +0 dagger, a +0
                  | robe, a ration; and the following spells available to
                  | memorise: Summon Small Mammal, Sandblast, Call Imp, Call
                  | Canine Familiar, Stone Arrow, Summon Guardian Golem, Summon
                  | Ice Beast, Summon Lightning Spire
     0 | D:1      | Reached XP level 1. HP: 13/13 MP: 5/5
     2 | D:1      | Learned a level 1 spell: Sandblast
    54 | D:1      | Huge Dmg: 2 dmg
    56 | D:1      | Huge Dmg: 2 dmg
    59 | D:1      | Huge Dmg: 1 dmg
    62 | D:1      | Huge Dmg: 1 dmg
    68 | D:1      | Huge Dmg: 1 dmg
    68 | D:1      | Slain by a bat

Levels and vault maps discovered:
D:1:      shiori_angband_town, layout_basic

Action                   || total
-------------------------++-------
Melee: Dagger            ||    21
Armor: Robe              ||    33
Dodge: Dodged            ||    34

Table legend:
 A = Non-vault XP
 B = Vault XP
 C = Vault XP percentage of total XP
 D = Non-vault monster count
 E = Vault monster count
 F = Vault count percentage of total count
                 A         B        C        D         E       F
            +---------+---------+-------+---------+---------+-------
      Total |       2 |       0 |   0.0 |       2 |       0 |   0.0
            +---------+---------+-------+---------+---------+-------
        D:1 |       2 |       0 |   0.0 |       2 |       0 |   0.0
            +---------+---------+-------+---------+---------+-------
